 Dungeon Crawl Stone Soup version 0.24-a0-581-gc0fa660 (webtiles) character file.

Game seed: 5393863841425744830

2848 Spazmo the Thaumaturge (level 9, -8/45 HPs)
             Began as a Deep Elf Fire Elementalist on Aug 23, 2019.
             Was a Follower of Vehumet.
             Mangled by a hog (10 damage)
             ... on level 7 of the Dungeon.
             The game lasted 00:15:28 (5695 turns).

Spazmo the Thaumaturge (Deep Elf Fire Elementalist) Turns: 5695, Time: 00:15:29

Health: -8/45      AC:  3    Str:  5    XL:     9   Next: 46%
Magic:  7/25       EV: 13    Int: 27    God:    Vehumet [*.....]
Gold:   498        SH:  0    Dex: 15    Spells: 13/28 levels left

rFire    . . .     SeeInvis .   t - +2 quarterstaff (chaos)
rCold    . . .     Gourm    +   (shield currently unavailable)
rNeg     . . .     Faith    .   a - +0 robe
rPois    .         Spirit   .   (no helmet)
rElec    .         Reflect  .   w - +0 cloak
rCorr    .         Harm     .   (no gloves)
MR       +....                  (no boots)
Stlth    ++........             s - amulet of the gourmand
HPRegen  0.15/turn              i - ring of protection from magic
MPRegen  0.19/turn              l - +3 ring of intelligence

@: no status effects
A: no striking features
a: Renounce Religion


You were on level 7 of the Dungeon.
You worshipped Vehumet.
Vehumet was aware of your devotion.
You were full.

You visited 2 branches of the dungeon, and saw 8 of its levels.

You collected 498 gold pieces.

Inventory:

Hand Weapons
 r - a +0 whip of electrocution
 t - a +2 quarterstaff of chaos (weapon)
 x - a +2 dagger of protection
Missiles
 b - 190 stones (quivered)
Armour
 a - a +0 robe (worn)
 w - a +0 cloak (worn)
Jewellery
 i - a ring of protection from magic (left hand)
 j - an uncursed ring of stealth
 l - a +3 ring of intelligence (right hand)
 p - an uncursed ring of ice
 s - an amulet of the gourmand (around neck)
Scrolls
 f - 4 scrolls of identify
 k - 4 scrolls of enchant weapon
 m - 5 scrolls of teleportation
 q - a scroll of fear
 v - a scroll of remove curse
Potions
 d - a potion of agility {unknown}
 e - a potion of haste {unknown}
 g - a potion of ambrosia {unknown}
 h - a potion of curing {unknown}
 n - a potion of mutation {unknown}
 o - a potion of brilliance {unknown}
 u - a potion of degeneration {unknown}
 z - a potion of magic {unknown}
Comestibles
 c - 15 rations


   Skills:
 - Level 2.4 Dodging
 - Level 2.4 Stealth
 + Level 10.3 Spellcasting
 + Level 8.3 Conjurations
 + Level 9.0 Fire Magic


You had 13 spell levels left.
You knew the following spells:

 Your Spells              Type           Power        Failure   Level  Hunger
a - Flame Tongue          Conj/Fire      #####        1%          1    None
b - Throw Flame           Conj/Fire      ######       1%          2    None
c - Conjure Flame         Conj/Fire      ######..     1%          3    None
d - Sticky Flame          Conj/Fire      ######..     1%          4    None
e - Fireball              Conj/Fire      ######....   3%          5    ####...

Your spell library contained the following spells:

 Spells                   Type           Power        Failure   Level  Hunger
 Sting                    Conj/Pois      ####         1%          1    None
 Inner Flame              Hex/Fire       #####...     1%          3    None
 Infusion                 Chrm           ##..         4%          1    None
 Shroud of Golubria       Chrm/Tloc      ##....       6%          2    None
 Song of Slaying          Chrm           ##......     6%          2    None
 Regeneration             Chrm/Necr      ##........   13%         3    None
 Spectral Weapon          Hex/Chrm       ##......     13%         3    None


Dungeon Overview and Level Annotations

Branches:
Dungeon (7/15)             Temple (1/1) D:4

Altars:
Ashenzari
Cheibriados
Dithmenos
Elyvilon
Fedhas
Gozag
Kikubaaqudgha
Nemelex Xobeh
Okawaru
Qazlal
Ru
Sif Muna
Trog
Uskayaw
Vehumet
Wu Jian
Xom
Yredelemnul
The Shining One

Shops:
D:6 :

Annotations:
D:4 3 runed translucent doors, felly21's ghost, amateur DsBe


Message History

The hog is almost dead.
The hog is covered in liquid flames!
The hog burns!
You kill the hog!
Vehumet accepts your kill.
Your Fire Magic skill increases to level 9!
The hog burns!
The hog bites you!
Casting: Sticky Flame (safe; 1% risk of failure)
Confirm with . or Enter, or press ? or * to list all spells.
Aiming: Sticky Flame (safe; 1% risk of failure)
Press: ? - help, Shift-Dir - straight line, f - hog
Aim: a hog The sticky flame hits the hog!
The hog is moderately wounded.
The hog is covered in liquid flames!
The hog burns! x2; The hog bites you. The hog bites you!
* * * LOW HITPOINT WARNING * * *
The hog burns! x2; The hog bites you.
* * * LOW HITPOINT WARNING * * *
The hog closely misses you. The hog bites you!
You die...

.........................
.........................
..###############........
..# ............#........
..# .....................
..# .....................
..########.##....########
..#...####+##...###
..'....#........@h#######
..#....#........hh'...%%#
..#....+..........#....%#
..#...###+####..#####'###
###...###..###+#..#.....#
.....?.#..........#.....#
.......#........).#######
.......#................
.......#................


You could see 3 hogs.

Vanquished Creatures
  Pikel (D:5)
  Sigmund (D:2)
  A hog (D:7)
  A human (D:7)
  An orc warrior (D:7)
  3 ice beasts
  A sky beast (D:7)
  2 ogres
  4 centaurs
  A gnoll sergeant (D:6)
  A bullfrog (D:7)
  4 scorpions
  3 howler monkeys
  2 quasits (D:6)
  A jelly (D:7)
  3 hounds
  Crazy Yiuf (D:7)
  A centaur skeleton (D:6)
  Terence (D:2)
  An orc wizard (D:7)
  An iguana (D:6)
  2 worker ants (D:5)
  A hound zombie (D:6)
  A hound skeleton (D:4)
  A howler monkey zombie (D:5)
  4 gnolls
  3 adders
  2 shadow imps
  An adder zombie (D:5)
  2 worms
  3 dart slugs
  2 leopard geckos
  7 orcs
  A ball python (D:6)
  10 bats
  5 giant cockroaches
  4 goblins
  8 hobgoblins
  7 jackals
  3 quokkas
  7 frilled lizards
  6 kobolds
  A quokka skeleton (D:4)
  3 rats
119 creatures vanquished.

Vanquished Creatures (others)
  Menkaure (D:5)
1 creature vanquished.

Grand Total: 120 creatures vanquished

Notes
Turn   | Place    | Note
-------+----------+-------------------------------------------
     0 | D:1      | Spazmo the Deep Elf Fire Elementalist began the quest for
                  | the Orb.
     0 | D:1      | Reached XP level 1. HP: 10/10 MP: 6/6
   156 | D:1      | Reached XP level 2. HP: 2/15 MP: 0/8
   160 | D:1      | Learned a level 2 spell: Throw Flame
   721 | D:2      | Noticed Terence
   732 | D:2      | Killed Terence
   732 | D:2      | Reached XP level 3. HP: 5/19 MP: 0/10
   739 | D:2      | Learned a level 3 spell: Conjure Flame
   899 | D:2      | Reached skill level 4 in Spellcasting
  1097 | D:2      | Reached XP level 4. HP: 24/24 MP: 8/12
  1103 | D:2      | Learned a level 4 spell: Sticky Flame
  1402 | D:2      | Noticed Sigmund
  1429 | D:2      | Killed Sigmund
  1429 | D:2      | Reached skill level 5 in Spellcasting
  1429 | D:2      | Reached skill level 5 in Fire Magic
  1429 | D:2      | Reached XP level 5. HP: 28/28 MP: 2/14
  2183 | D:3      | Reached XP level 6. HP: 32/32 MP: 9/16
  2191 | D:3      | Learned a level 5 spell: Fireball
  2359 | D:4      | Reached skill level 6 in Spellcasting
  2666 | D:4      | Found an ancient bone altar of Kikubaaqudgha.
  2691 | D:4      | Found a staircase to the Ecumenical Temple.
  2700 | Temple   | Entered the Ecumenical Temple
  2788 | Temple   | Became a worshipper of Vehumet
  2864 | D:4      | Found a runed translucent gate.
  2864 | D:4      | Found a runed translucent gate.
  2864 | D:4      | Found a runed translucent gate.
  2865 | D:4      | Noticed felly21's ghost (amateur DsBe)
  3063 | D:5      | Entered Level 5 of the Dungeon
  3093 | D:5      | Reached XP level 7. HP: 22/36 MP: 7/18
  3208 | D:5      | Reached skill level 5 in Conjurations
  3385 | D:5      | Noticed Pikel
  3405 | D:5      | Killed Pikel
  3405 | D:5      | Reached skill level 7 in Spellcasting
  3405 | D:5      | Reached XP level 8. HP: 36/41 MP: 9/21
  3493 | D:5      | Killed Menkaure
  3511 | D:5      | Reached skill level 8 in Spellcasting
  3858 | D:6      | Found Doqumah's Book Shop.
  3955 | D:6      | Reached * piety under Vehumet
  3955 | D:6      | Offered knowledge of Sting by Vehumet.
  3971 | D:6      | Reached skill level 9 in Spellcasting
  4479 | D:6      | Reached XP level 9. HP: 18/45 MP: 18/24
  4740 | D:7      | Found a runed translucent door.
  4741 | D:7      | Noticed Crazy Yiuf
  4747 | D:7      | Killed Crazy Yiuf
  4820 | D:7      | Found a sparkling altar of Nemelex Xobeh.
  4923 | D:7      | HP: 2/45 [hog (8)]
  5544 | D:7      | Reached skill level 10 in Spellcasting
  5695 | D:7      | HP: 2/45 [hog (5)]
  5695 | D:7      | Mangled by a hog

Levels and vault maps discovered:
D:1:      eino_arrival_druids_welcome, layout_loops_ring, minivault_19
D:2:      layout_loops_cross, first_ration, uniq_terence, uniq_sigmund
D:3:      layout_rooms
D:4:      minmay_inner_zag, layout_basic, kennysheep_mini,
          minmay_temple_entry_mini_moons, gammafunk_ghost_nasty_kobolds
D:5:      layout_rooms, uniq_menkaure, uniq_pikel
D:6:      layout_basic, serial_shops, shop
D:7:      layout_gridville, lemuel_crystal_altar, minmay_misc_feat_x,
          grunt_livestock, uniq_crazy_yiuf_cottage
Temple:   eino_narrow_crystal_temple

Skill      XL: |  1  2  3  4  5  6  7  8  9 |
---------------+----------------------------+-----
Conjurations   | 2 3 4 6 7 8 |  8.3
Fire Magic     | 4 5 6 8 9 |  9.0
Spellcasting   | 4 5 6 7 9 10 | 10.3
Dodging        | |  2.4
Stealth        | |  2.4

Action                   |  1- 3 |  4- 6 |  7- 9 || total
-------------------------+-------+-------+-------++-------
Melee: Short sword       |       |     1 |       ||     1
       Whip              |       |       |     3 ||     3
       Quarterstaff      |       |       |     3 ||     3
 Cast: Flame Tongue      |    58 |    67 |    65 ||   190
       Throw Flame       |     4 |    15 |    24 ||    43
       Sticky Flame      |       |     2 |    21 ||    23
       Fireball          |       |       |     6 ||     6
  Use: Scroll            |     2 |     4 |     5 ||    11
       Potion            |       |       |     1 ||     1
  Eat: Chunk             |       |     7 |    13 ||    20
       Ration            |       |       |     1 ||     1
Armor: Robe              |     3 |     1 |     6 ||    10
Dodge: Dodged            |    10 |     8 |    33 ||    51

Table legend:
 A = Non-vault XP
 B = Vault XP
 C = Vault XP percentage of total XP
 D = Non-vault monster count
 E = Vault monster count
 F = Vault count percentage of total count
                 A         B        C        D         E       F
            +---------+---------+-------+---------+---------+-------
      Total |    2621 |    1448 |  35.6 |     110 |       9 |   7.6
            +---------+---------+-------+---------+---------+-------
        D:1 |      33 |       0 |   0.0 |      18 |       0 |   0.0
        D:2 |      75 |     250 |  76.9 |      28 |       2 |   6.7
        D:3 |      35 |       0 |   0.0 |      11 |       0 |   0.0
        D:4 |     150 |      90 |  37.5 |       9 |       3 |  25.0
        D:5 |     603 |     663 |  52.4 |      12 |       1 |   7.7
        D:6 |    1024 |       0 |   0.0 |      18 |       0 |   0.0
        D:7 |     701 |     445 |  38.8 |      14 |       3 |  17.6
            +---------+---------+-------+---------+---------+-------
